 Dungeon Crawl Stone Soup version 0.15-a0-1004-gbf4e2e6 (console) character file.

81 Kellhus the Ruinous (level 4, 33/33 HPs)
             Began as a Demigod Wizard on May 25, 2014.
             Quit the game on Level 3 of the Dungeon.
             The game lasted 00:03:14 (2643 turns).

Kellhus the Ruinous (Demigod Wizard)                Turns: 2643, Time: 00:03:14

HP  33/33        AC  5     Str 11      XL: 4   Next:  0%
MP   8/11        EV 12     Int 24      God:
Gold 78          SH  0     Dex 14      Spells:  1 memorised,  7 levels left

rFire  . . .     SeeInvis .     r - -3 whip (curse)
rCold  . . .     Clarity  .     a - +0 robe
rNeg   . . .     Conserve .     (no shield)
rPois  .         rCorr    .     b - +0 hat
rElec  .         rRot     .     (no cloak)
SustAb .         Spirit   .     (no gloves)
rMut   .         Warding  .     (no boots)
Gourm  .         Stasis   .     (no amulet)
MR     .....                    (no ring)
                                e - +3 ring of protection

@: not resistant to hostile enchantments, unstealthy
A: no striking features
a: no special abilities


You were on level 3 of the Dungeon.
You were not hungry.

You visited 1 branch of the dungeon, and saw 3 of its levels.

You collected 78 gold pieces.

Inventory:

Hand weapons
 r - a cursed -3,-3 whip (weapon)
Armour
 a - a +0 robe (worn)
 b - a +0 hat (worn)
Comestibles
 d - 3 bread rations
 l - a pear
 u - a choko
 v - an apple
Scrolls
 g - 2 scrolls of blinking {unknown}
 h - a scroll of random uselessness {unknown}
 i - 2 scrolls of recharging {unknown}
 k - 2 scrolls of enchant armour {unknown}
 m - 2 scrolls of noise {unknown}
 n - 4 scrolls of identify {unknown}
 w - 2 scrolls of remove curse {unknown}
 x - a scroll of fear {unknown}
 y - a scroll of immolation {unknown}
Jewellery
 e - a +3 ring of protection (left hand)
Potions
 f - a potion of heal wounds {unknown}
 j - 2 potions of mutation {unknown}
 o - a potion of haste {unknown}
 p - 2 potions of curing {unknown}
 q - 2 potions of brilliance {unknown}
 s - 2 potions of porridge
 t - a potion of degeneration {unknown}
 z - a potion of confusion {unknown}
Books
 c - a book of Minor Magic

   Spells                             Type                      Level
   *Magic Dart                        Conjuration                  1
   Blink                              Translocation                2
   Call Imp                           Summoning                    2
   Repel Missiles                     Charms/Air                   2
   Slow                               Hexes                        2
   Conjure Flame                      Conjuration/Fire             3
   Mephitic Cloud                     Conjuration/Poison/Air       3


   Skills:
 - Level 1.7 Dodging
 - Level 1.7 Stealth
 - Level 2.6 Spellcasting
 + Level 3.7 Conjurations
   Level 0.8 Summonings
   Level 0.8 Translocations


You had 7 spell levels left.
You knew the following spells:

 Your Spells              Type           Power        Failure   Level  Hunger
a - Magic Dart            Conj           ###.         2%          1    None


Dungeon Overview and Level Annotations

Branches:
Dungeon (3/15)


Message History

An adder comes into view.
Casting: Magic Dart
Confirm with . or Enter, or press ? or * to list all spells.
Aiming: Magic Dart
Press: ? - help, Shift-Dir - straight line, f - adder
Aim: an adder (resting)
The magic dart hits the adder.
The adder is heavily wounded.
Casting: Magic Dart
Confirm with . or Enter, or press ? or * to list all spells.
Aiming: Magic Dart
Press: ? - help, Shift-Dir - straight line, f/p - adder
Aim: an adder (heavily wounded)
The magic dart hits the adder.
You kill the adder!
You have reached level 4!
You feel stronger.
Casting: Magic Dart
Confirm with . or Enter, or press ? or * to list all spells.
You can't see any susceptible monsters within range! (Use Z to cast anyway.) Are you sure you want to abandon this character and quit the game? (Confirm with "yes".)

..## .....# #...# #..
#....# #...#
####...####....###.####
......................#
##...###...##.##...#.#
####................%(...
.........####....##......
##..[#...# ###..........
..#....@# ##.###.....
#......%..# #.# ###...
#...###...# #.# ... #...
...# #.# ### #### ......#
####..# ..# #..# ###


There were no monsters in sight!

Vanquished Creatures
  2 adders
  2 worms (D:2)
  A giant gecko (D:1)
  An ooze (D:1)
  3 orcs (D:2)
  2 giant cockroaches (D:1)
  4 goblins
  5 hobgoblins
  4 jackals (D:3)
  8 kobolds
  6 bats
  4 giant newts
  3 rats
45 creatures vanquished.

Notes
Turn   | Place    | Note
--------------------------------------------------------------
     0 | D:1      | Kellhus, the Demigod Wizard, began the quest for the Orb.
     0 | D:1      | Reached XP level 1. HP: 14/14 MP: 4/4
    24 | D:1      | Reached skill level 1 in Conjurations
   485 | D:1      | Reached XP level 2. HP: 20/20 MP: 0/6
  1416 | D:2      | Reached XP level 3. HP: 19/26 MP: 0/8
  1539 | D:2      | Reached skill level 3 in Conjurations
  2107 | D:2      | Found an opulent altar of Gozag.
  2107 | D:2      | Found a sparkling altar of Nemelex Xobeh.
  2642 | D:3      | Reached XP level 4. HP: 33/33 MP: 8/11
  2643 | D:3      | Quit the game

Action                   |  1- 3 |  4- 6 || total
-------------------------+-------+-------++-------
Melee: Unarmed           |     6 |       ||     6
       Whip              |    14 |       ||    14
 Cast: Magic Dart        |   115 |     1 ||   116
